Map: Ruins of Endion

Players

viOlet

  • Race: Zerg Zerg

Showtime - Winner!

  • Race: Protoss Protoss

Event: DreamHack Open Tours WCS Spring Championship

VOD

Have the link to the VOD?

Description

Time

  • Played on: May 15, 2016, 2:29 p.m.
  • Length: 11:27

All games in this series

Show
View Real Time Build Order
Export as new Build Order

viOlet Zerg 

Build Orders: Hatch First, Lurkers 

Get SALT Encoding   

  12  0:00  Drone  
  13  0:12  Overlord  
  13  0:17  Drone  
  14  0:30  Drone  
  14  0:31  Drone  
  16  0:37  Drone  
  17  0:51  Hatchery  
  17  0:55  Drone  
  17  0:58  Drone  
  18  1:09  Extractor  
  17  1:13  Spawning Pool  
  17  1:15  Drone  
  17  1:19  Drone  
  18  1:34  Drone  
  18  1:39  Overlord  
  19  1:52  Drone  
  20  2:00  Queen  
  20  2:01  Drone  
  23  2:03  Queen  
  23  2:04  Drone  
  26  2:10  Metabolic Boost  
  26  2:15  Zergling x4  
  28  2:23  Drone  
  28  2:25  Drone  
  30  2:34  Drone  
  31  2:38  Drone  
  31  2:42  Hatchery  
  31  2:48  Queen  
  33  2:53  Overlord  
  33  2:59  Drone x2  
  33  3:05  Drone  
  36  3:08  Spore Crawler  
  36  3:12  Drone x3  
  38  3:16  Drone x3  
  41  3:23  Drone x2  
  43  3:27  Overlord  
  43  3:30  Spore Crawler  
  43  3:33  Spore Crawler  
  41  3:36  Queen  
  41  3:41  Overlord, Drone  
  43  3:46  Drone  
  43  3:47  Drone x2  
  46  3:50  Drone  
  47  3:58  Drone x3  
  47  3:59  Drone  
  51  4:04  Drone x2  
  51  4:08  Drone x2  
  51  4:09  Overlord  
  54  4:16  Spore Crawler  
  51  4:19  Drone x6  
  51  4:23  Overlord  
  57  4:28  Lair  
  57  4:31  Zergling x4  
  57  4:33  Drone  
  57  4:34  Drone  
  57  4:35  Overlord  
  61  4:40  Overlord  
  62  4:45  Drone x2  
  62  4:46  Drone  
  62  4:50  Drone x3  
  62  4:51  Drone  
  68  4:55  Extractor x3  
  68  4:56  Extractor x2, Drone x4  
  67  5:01  Evolution Chamber, Drone  
  67  5:02  Drone x2  
  67  5:09  Drone x3  
  70  5:17  Drone x2  
  70  5:20  Drone x2  
  74  5:23  Drone x2  
  74  5:24  Zergling x4  
  74  5:26  Drone x2  
  80  5:30  Hydralisk Den  
  79  5:36  Zerg Missile Weapons Level 1  
  79  5:38  Overlord x2, Drone  
  79  5:39  Overlord x3  
  80  5:52  Overlord  
  80  5:53  Overlord x3  
  80  5:59  Hydralisk x6  
  80  6:00  Muscular Augments  
  92  6:10  Hydralisk x4  
  100  6:24  Baneling Nest  
  99  6:26  Hydralisk x5  
  109  6:40  Hydralisk x5  
  109  6:41  Zergling x4  
  109  6:43  Hatchery  
  120  6:48  Zergling x6  
  123  6:57  Zergling x6  
  123  6:58  Zergling x6  
  129  7:02  Zergling x6  
  132  7:13  Zergling x12  
  132  7:15  Lurker Den  
  138  7:16  Pneumatized Carapace  
  138  7:21  Baneling  
  138  7:22  Baneling x14  
  138  7:23  Zergling x6  
  138  7:26  Zergling x2  
  142  7:30  Zerg Melee Weapons Level 1  
  142  7:34  Drone  
  142  7:35  Drone x7  
  130  7:44  Zergling x2  
  130  7:45  Zergling x4  
  130  7:47  Centrifical Hooks  
  131  7:51  Hydralisk  
  131  7:58  Hydralisk x5  
  143  8:10  Drone x9  
  152  8:20  Overlord x4  
  152  8:24  Hydralisk  
  152  8:25  Hydralisk x2  
  158  8:33  Hydralisk x3  
  157  8:38  Hydralisk, Zergling x2  
  157  8:39  Zergling x6  
  158  8:42  Hydralisk  
  151  8:49  Hydralisk x8  
  151  8:52  Overlord  
  151  8:53  Hydralisk  
  164  8:58  Hydralisk  
  164  8:59  Hydralisk  
  164  9:01  Hydralisk  
  149  9:03  Hydralisk  
  149  9:07  Hydralisk  
  149  9:08  Zergling x2  
  122  9:17  Zergling x6  
  122  9:18  Zergling x14  
  122  9:21  Lurker  
  122  9:22  Lurker  
  122  9:24  Zergling x4  
  134  9:31  Zergling x2  
  129  9:34  Hydralisk  
  129  9:35  Zergling x2  
  129  9:37  Hydralisk  
  129  9:38  Zergling x4  
  106  9:43  Hydralisk  
  90  9:50  Hydralisk x4  
  95  10:02  Lurker  
  95  10:06  Lurker x3  
  99  10:07  Hydralisk x2  
  99  10:08  Zergling x4  
  99  10:11  Overseer  
  105  10:15  Hydralisk, Zergling x2  
  100  10:27  Hydralisk  
  93  10:39  Hydralisk  
  93  10:40  Hydralisk x4  
  83  10:54  Hydralisk  
  83  10:55  Hydralisk x2, Zergling x2  
Show
View Real Time Build Order
Export as new Build Order

Showtime Protoss - Winner!

Build Orders: 1 Gate Expand, Oracle Opening, Phoenix Opening 

Get SALT Encoding   

  12  0:00  Probe (Chrono Boost)  
  13  0:11  Probe (Chrono Boost)  
  14  0:20  Pylon  
  14  0:22  Probe (Chrono Boost)  
  15  0:38  Probe (Chrono Boost), Gateway  
  16  0:43  Assimilator  
  16  0:48  Probe (Chrono Boost)  
  17  0:59  Probe (Chrono Boost)  
  18  1:09  Probe (Chrono Boost)  
  19  1:20  Probe (Chrono Boost)  
  20  1:27  Nexus  
  20  1:35  Cybernetics Core  
  20  1:37  Probe (Chrono Boost)  
  21  1:47  Assimilator  
  21  1:48  Probe (Chrono Boost)  
  21  1:53  Pylon  
  22  1:58  Probe (Chrono Boost)  
  23  2:11  Probe (Chrono Boost), Adept (Chrono Boost)  
  23  2:12  Warp Gate  
  26  2:23  Probe  
  27  2:35  Probe  
  28  2:38  Stargate  
  28  2:39  Zealot (Chrono Boost)  
  28  2:40  Probe  
  31  2:47  Probe  
  31  2:49  Mothership Core  
  32  2:57  Pylon  
  34  2:59  Probe  
  35  3:09  Probe  
  35  3:11  Probe  
  37  3:16  Gateway  
  37  3:17  Gateway  
  37  3:21  Probe, Oracle (Chrono Boost)  
  37  3:23  Probe  
  42  3:33  Probe (Chrono Boost)  
  43  3:35  Probe (Chrono Boost)  
  43  3:36  Pylon  
  44  3:47  Probe x2 (Chrono Boost)  
  46  3:55  Phoenix  
  46  3:58  Probe (Chrono Boost)  
  46  3:59  Probe (Chrono Boost)  
  50  4:08  Probe (Chrono Boost)  
  51  4:11  Probe (Chrono Boost)  
  51  4:13  Assimilator  
  51  4:14  Assimilator  
  51  4:19  Probe (Chrono Boost), Nexus  
  51  4:21  Pylon  
  51  4:23  Probe (Chrono Boost)  
  53  4:29  Probe (Chrono Boost)  
  54  4:33  Twilight Council  
  54  4:35  Probe (Chrono Boost)  
  54  4:36  Forge  
  55  4:40  Probe (Chrono Boost)  
  57  4:47  Probe (Chrono Boost)  
  57  4:50  Probe (Chrono Boost)  
  57  4:51  Sentry  
  57  4:52  Sentry x2  
  64  4:57  Robotics Facility  
  64  4:59  Probe (Chrono Boost)  
  65  5:01  Blink (Chrono Boost), Probe (Chrono Boost)  
  65  5:04  Protoss Ground Weapons Level 1  
  66  5:10  Probe (Chrono Boost)  
  66  5:11  Probe (Chrono Boost)  
  68  5:18  Pylon  
  68  5:22  Probe  
  68  5:23  Probe  
  68  5:25  Assimilator  
  68  5:27  Assimilator  
  70  5:30  Probe  
  70  5:34  Probe, Gateway  
  72  5:35  Probe  
  72  5:37  Gateway  
  72  5:39  Gateway  
  72  5:42  Probe  
  74  5:44  Observer (Chrono Boost)  
  74  5:46  Probe  
  74  5:47  Probe  
  77  5:53  Gateway  
  77  5:54  Probe  
  77  5:55  Gateway  
  78  5:58  Probe  
  78  6:01  Pylon  
  78  6:02  Sentry x3  
  78  6:03  Pylon  
  85  6:04  Probe  
  85  6:07  Probe  
  87  6:13  Immortal (Chrono Boost), Probe  
  87  6:16  Probe  
  93  6:24  Pylon  
  95  6:25  Probe  
  94  6:32  Pylon  
  94  6:35  Stalker x2  
  94  6:36  Stalker x3  
  104  6:49  Immortal (Chrono Boost), Stalker  
  104  6:50  Protoss Ground Weapons Level 2  
  110  6:59  Stalker x2  
  110  7:00  Stalker x3  
  120  7:05  Pylon  
  120  7:08  Photon Cannon  
  120  7:11  Sentry x2  
  124  7:24  Immortal (Chrono Boost)  
  124  7:27  Sentry, Stalker  
  132  7:30  Pylon  
  132  7:36  Pylon  
  132  7:37  Pylon  
  132  7:41  Stalker  
  132  7:44  Pylon  
  132  7:47  Pylon  
  132  7:49  Pylon x2  
  132  7:51  Pylon  
  132  8:06  Stalker  
  132  8:07  Stalker x3  
  132  8:08  Stalker  
  132  8:10  Nexus  
  132  8:12  Pylon  
  142  8:15  Sentry, Stalker x2  
  148  8:22  Warp Prism (Chrono Boost)  
  148  8:35  Stalker x3  
  148  8:36  Stalker  
  146  8:52  Stalker x3  
  146  8:53  Stalker, Warp Prism (Chrono Boost)  
  136  9:03  Stalker  
  136  9:04  Stalker x3  
  144  9:15  Stalker x2  
  144  9:16  Stalker x2  
  150  9:22  Probe x3  
  149  9:34  Stalker x4  
  131  9:44  Immortal (Chrono Boost)  
  111  9:47  Sentry  
  111  9:48  Sentry x3, Stalker x3  
  111  9:49  Stalker  
  122  9:58  Probe x2  
  120  10:11  Stalker x5  
  120  10:12  Stalker x3  
  130  10:31  Immortal (Chrono Boost)  
  134  10:37  Stalker  
  134  10:38  Stalker x6  
  144  10:51  Pylon, Sentry  
  144  10:52  Pylon  
  144  10:54  Pylon  
  146  11:04  Photon Cannon  
  146  11:08  Stalker x2  
  146  11:09  Stalker x2  
  154  11:13  Stalker  
  154  11:14  Stalker x3  

Tags
 
Add a new tag
Caveats
  • Supply blocks, unpowered buildings, or Contaminate may cause inaccurate times.
  • Supply counts are checked every 10 seconds.